 Dungeon Crawl Stone Soup version 0.25-b1-37-g2669288c55 (webtiles) character file.

Game seed: 4054310127320790277

151 Kotlin the Magician (level 5, 0/28 HPs)
             Began as a Deep Elf Wizard on June 6, 2020.
             Slain by Purgy (1 damage)
             ... in a sewer.
             The game lasted 00:08:20 (2834 turns).

Kotlin the Magician (Deep Elf Wizard)               Turns: 2834, Time: 00:08:21

Health: 0/28       AC:  2    Str:  4    XL:     5   Next: 10%
Magic:  3/14       EV: 13    Int: 24    God:
Gold:   76         SH:  0    Dex: 13    Spells: 5/13 levels left

rFire    . . .     SeeInvis .   j - +0 trident
rCold    . . .     Gourm    .   (no shield)
rNeg     . . .     Faith    .   a - +0 robe
rPois    .         Spirit   .   b - +0 hat
rElec    .         Reflect  .   (no cloak)
rCorr    .         Harm     .   (no gloves)
MR       .....                  (no boots)
Stlth    +.........             (no amulet)
HPRegen  0.09/turn              (no ring)
MPRegen  0.14/turn              (no ring)

@: very slow
A: no striking features
a: no special abilities


You were in a sewer.
You were hungry.

You visited 1 branch of the dungeon, and saw 3 of its levels.
You also visited: Sewer.

You collected 76 gold pieces.

Inventory:

Hand Weapons
 i - a +0 mace
 j - a +0 trident (weapon)
 o - a +0 flail
Missiles
 g - 24 poisoned darts (quivered)
Armour
 a - a +0 robe (worn)
 b - a +0 hat (worn)
 f - a +0 helmet
 p - a +0 cloak
Wands
 n - a wand of polymorph (6)
Scrolls
 c - 3 scrolls of remove curse {unknown}
 h - a scroll of enchant armour {unknown}
 k - a scroll of identify {unknown}
 l - 2 scrolls of teleportation {unknown}
Potions
 e - a potion of curing {unknown}
 m - 2 potions of flight {unknown}
 r - 2 potions of stabbing {unknown}
Comestibles
 d - 5 rations


   Skills:
 - Level 3.0 Dodging
 - Level 3.0 Stealth
 + Level 4.9 Spellcasting
 + Level 4.1 Conjurations
 - Level 1.1 Summonings
 - Level 1.1 Translocations
 * Level 1.8 Fire Magic


You had 5 spell levels left.
You knew the following spells:

 Your Spells              Type           Power        Failure   Level  Hunger
a - Magic Dart            Conj           ####         1%          1    None
b - Call Imp              Summ           ##......     9%          2    None
c - Blink                 Tloc           N/A          9%          2    None
d - Conjure Flame         Conj/Fire      ###.....     8%          3    ##.....

Your spell library contained the following spells:

 Spells                   Type           Power        Failure   Level  Hunger
 Slow                     Hex            #.......     14%         2    None
 Mephitic Cloud           Conj/Pois/Air  ##......     16%         3    ##.....


Dungeon Overview and Level Annotations

Branches:
Dungeon (4/15)              Sewer (1/1)
 Temple: D:4-7

Altars:

Annotations:
Sewer Purgy


Message History

* * * LOW HITPOINT WARNING * * *
Your shadow imp hits Purgy.
Your crimson imp misses Purgy.
You enter the shallow water.
Moving in this stuff is going to be slow.
Your crimson imp hits Purgy.
Your crimson imp blinks!
You enter the shallow water.
Moving in this stuff is going to be slow.
Purgy bites you but does no damage. Purgy closely misses you.
Purgy completely misses you.
You enter the shallow water.
Moving in this stuff is going to be slow.
Purgy misses you. Purgy claws you.
* * * LOW HITPOINT WARNING * * *
Purgy claws you but does no damage. Purgy closely misses you. Purgy claws you.
* * * LOW HITPOINT WARNING * * *
Purgy closely misses you. Purgy barely misses you. Purgy completely misses you.
Purgy claws you.
You die...

### #≈# #####≈#
######## ...##≈##
###....≈.## ##
.∩.#.≈.#
###.≈@≈...≈..### ($#
(∩...≈.#
###..≈T.####≈....##.?
..().≈.###.≈...###
.≈≈.###
####.).....≈..##
##.≈≈≈≈.#
.....≈.###....≈###
###....≈# .....≈.#
###..≈..####.....#
...#.≈.#
###.≈≈55.≈...###
...##≈## ###.≈....###
#.###≈# ########


You could see Purgy.

Vanquished Creatures
  A worker ant (D:4)
  2 gnolls (D:2)
  An adder (D:2)
  An ooze (D:2)
  3 dart slugs (D:1)
  4 leopard geckos (D:4)
  2 orcs (D:4)
  2 ball pythons
  4 bats
  3 giant cockroaches
  2 hobgoblins
  3 jackals
  4 kobolds
  2 frilled lizards
  6 goblins
  3 rats (D:1)
43 creatures vanquished.

Vanquished Creatures (collateral kills)
  A hound (D:4)
  A gnoll (D:2)
  3 orcs (D:4)
  7 jackals
  A kobold (Sewer)
  A frilled lizard (D:4)
14 creatures vanquished.

Grand Total: 57 creatures vanquished

Notes
Turn   | Place    | Note
-------+----------+-------------------------------------------
     0 | D:1      | Kotlin the Deep Elf Wizard began the quest for the Orb.
     0 | D:1      | Reached XP level 1. HP: 10/10 MP: 7/7
   314 | D:1      | Reached XP level 2. HP: 12/15 MP: 5/9
   602 | D:1      | Learned a level 2 spell: Call Imp
  1142 | D:1      | Reached XP level 3. HP: 19/19 MP: 9/11
  1798 | D:2      | Reached XP level 4. HP: 24/24 MP: 1/12
  1897 | D:2      | Learned a level 2 spell: Blink
  1901 | D:2      | Learned a level 3 spell: Conjure Flame
  1958 | D:2      | You fall into a shaft and drop 2 floors!
  2125 | D:4      | Reached skill level 1 in Fire Magic
  2261 | D:4      | Reached XP level 5. HP: 23/28 MP: 1/14
  2423 | D:4      | Found a glowing drain.
  2468 | Sewer    | Entered a sewer
  2801 | Sewer    | Noticed Purgy
  2834 | Sewer    | HP: 1/28 [Purgy (2)]
  2834 | Sewer    | Slain by Purgy

Illustrated notes

Levels and vault maps discovered:
D:1:      lightli_arrival_lavapool, layout_loops_ring
D:2:      layout_loops_ring, lemuel_coloured_pillars_altar
D:4:      layout_gridville, lemuel_doored_altar, ashenzari_conservatory_becter,
          portal_sewer_entry_f
Sewer:    sewer_the_crocodile

Skill      XL: |  1  2  3  4 |
---------------+-------------+-----
Stealth        | 3 |  3.0
Dodging        | 3 |  3.0
Conjurations   | 2 3 4 |  4.1
Fire Magic     | 1 |  1.8
Spellcasting   | |  4.9
Summonings     | |  1.1
Translocations | |  1.1

Action                   |  1- 3 |  4- 6 || total
-------------------------+-------+-------++-------
Melee: Trident           |       |     1 ||     1
 Cast: Magic Dart        |    71 |    43 ||   114
       Call Imp          |    10 |    18 ||    28
       Conjure Flame     |       |     2 ||     2
  Eat: Chunk             |     2 |     3 ||     5
Armor: Robe              |     3 |     4 ||     7
Dodge: Dodged            |    16 |    30 ||    46
